 Dungeon Crawl Stone Soup version 0.23.0-42-geed6394 (webtiles) character file.

Game seed: 15484949661362292577

895 Luthien the Destroyer (level 7, -4/36 HPs)
             Began as a Deep Elf Conjurer on Feb 28, 2019.
             Was a Follower of Vehumet.
             Killed by divine providence
             ... invoked by an orc priest
              (17 damage)
             ... on level 5 of the Dungeon.
             The game lasted 00:29:01 (6754 turns).

Luthien the Destroyer (Deep Elf Conjurer)           Turns: 6754, Time: 00:29:02

Health: -4/36      AC:  3    Str:  5    XL:     7   Next: 78%
Magic:  3/13       EV: 13    Int: 20    God:    Vehumet [*.....]
Gold:   124        SH:  0    Dex: 17    Spells: 5/12 levels left

rFire    . . .     SeeInvis .   i - -3 whip (curse)
rCold    . . .     Gourm    .   (no shield)
rNeg     . . .     Faith    .   A - +0 robe
rPois    .         Spirit   .   (no helmet)
rElec    .         Reflect  .   w - +0 cloak
rCorr    .         Harm     .   (no gloves)
MR       .....                  (no boots)
Stlth    ++........             (no amulet)
HPRegen  0.12/turn              (no ring)
MPRegen  0.13/turn              (no ring)

@: no status effects
A: no striking features
a: Renounce Religion


You were on level 5 of the Dungeon.
You worshipped Vehumet.
Vehumet was aware of your devotion.
You were not hungry.

You visited 2 branches of the dungeon, and saw 7 of its levels.

You collected 124 gold pieces.

Inventory:

Hand Weapons
 i - a cursed -3 whip (weapon)
Missiles
 d - 198 stones (quivered)
 h - 111 arrows
 q - 18 bolts
 v - 23 poisoned needles
 z - 50 sling bullets
Armour
 a - a +0 robe
 f - a +0 cloak
 w - a +0 cloak (worn)
 y - a cursed +0 helmet
 A - a +0 robe (worn)
 B - a +0 helmet
Wands
 x - a wand of enslavement (10)
Scrolls
 b - 3 scrolls of identify {unknown}
 j - a scroll of fog {unknown}
 n - 2 scrolls of immolation {unknown}
 o - 2 scrolls of magic mapping {unknown}
 p - 3 scrolls of enchant armour {unknown}
 s - a scroll of amnesia {unknown}
 t - a scroll of remove curse {unknown}
 u - a scroll of fear {unknown}
 D - a scroll of teleportation {unknown}
 E - a scroll of blinking {unknown}
Potions
 e - a potion of heal wounds {unknown}
 g - 2 potions of brilliance {unknown}
 k - a potion of magic {unknown}
 l - a potion of curing {unknown}
 m - 2 potions of flight {unknown}
 r - a potion of degeneration {unknown}
 C - 2 potions of berserk rage {unknown}
Comestibles
 c - 3 rations


   Skills:
 - Level 2.4 Dodging
 - Level 2.4 Stealth
 - Level 3.0 Spellcasting
 + Level 10.6 Conjurations


You had 5 spell levels left.
You knew the following spells:

 Your Spells              Type           Power        Failure   Level  Hunger
a - Magic Dart            Conj           ####         1%          1    None
b - Searing Ray           Conj           #####.       1%          2    ##.....
c - Fulminant Prism       Conj/Hex       ###.......   16%         4    ####...

Your spell library contained the following spells:

 Spells                   Type           Power        Failure   Level  Hunger
 Shock                    Conj/Air       ###.         1%          1    None
 Iskenderun's Mystic Bla  Conj           #####...     1%          4    ####...
 Dazzling Spray           Conj/Hex       ###...       4%          3    ###....
 Force Lance              Conj/Tloc      ###.....     16%         4    ####...


Dungeon Overview and Level Annotations

Branches:
Dungeon (6/15)             Temple (1/1) D:4

Altars:
Ashenzari
Cheibriados
Dithmenos
Elyvilon
Fedhas
Gozag
Kikubaaqudgha
Makhleb
Nemelex Xobeh
Okawaru
Ru
Trog
Uskayaw
Vehumet
Xom
Yredelemnul
The Shining One

Annotations:
D:3 sky beast


Message History

Press: ? - help, Dir - move target cursor You conjure a prism of explosive energy!
The orc hits your fulminant prism with a +0 hand axe.
The orc priest invokes the aid of Beogh against you.
Beogh smites you!
Your fulminant prism crackles loudly.
The orc hits your fulminant prism but does no damage.
Your fulminant prism explodes!
The blast of energy engulfs the orc!!
You kill the orc!
Vehumet accepts your kill.
An orc comes into view. It is wielding a +5 dagger of venom.
Casting: Fulminant Prism (slightly dangerous; 16% risk of failure)
Confirm with . or Enter, or press ? or * to list all spells.
You don't have enough magic to cast that spell.
The orc priest calls down the wrath of Beogh upon you.
Beogh smites you!
The orc priest invokes the aid of Beogh against you.
Beogh smites you!
You die...

##.............##...........
#..).........###...........
#............##............
#..).o..#######............
#...o....# ##.............
#..##....####..............
#..###....##...............
#...###...#................
##..###...@#..............#
##..###...##............##
##..##...###.........###
#...##...####......##
##..####..#######..# #..#
###..# #..## ##.## #### ####
#.## ###


You could see an orc priest and an orc.

Vanquished Creatures
  Sigmund (D:3)
  An orc warrior (D:6)
  2 scorpions
  A howler monkey (D:4)
  2 crimson imps (D:5)
  An orc priest (D:5)
  3 orc wizards (D:6)
  Jessica (D:3)
  Robin (D:3)
  A gnoll (D:1)
  15 adders
  A shadow imp (D:5)
  2 oozes
  5 worms
  6 dart slugs
  6 leopard geckos
  9 orcs
  A ball python (D:2)
  4 giant cockroaches
  11 hobgoblins
  4 jackals
  7 kobolds
  2 quokkas
  8 bats
  2 frilled lizards (D:1)
  18 goblins
  A leopard gecko skeleton (D:5)
  A quokka skeleton (D:5)
  3 rats (D:2)
120 creatures vanquished.

Vanquished Creatures (others)
  4 fulminant prisms
4 creatures vanquished.

Grand Total: 124 creatures vanquished

Notes
Turn   | Place    | Note
-------+----------+-------------------------------------------
     0 | D:1      | Luthien the Deep Elf Conjurer began the quest for the Orb.
     0 | D:1      | Reached XP level 1. HP: 10/10 MP: 6/6
   237 | D:1      | Reached skill level 5 in Conjurations
   237 | D:1      | Reached XP level 2. HP: 15/15 MP: 2/8
   251 | D:1      | Learned a level 2 spell: Searing Ray
   773 | D:1      | Reached XP level 3. HP: 19/19 MP: 6/9
  1329 | D:2      | Reached skill level 6 in Conjurations
  1464 | D:2      | Found a burning altar of Makhleb.
  1472 | D:2      | Reached XP level 4. HP: 24/24 MP: 7/10
  1497 | D:2      | Found a bloodstained altar of Trog.
  2489 | D:2      | Found a blossoming altar of Fedhas.
  2489 | D:2      | Found a shimmering altar of Xom.
  2492 | D:2      | Reached skill level 7 in Conjurations
  2492 | D:2      | Reached XP level 5. HP: 25/28 MP: 7/11
  2786 | D:3      | Noticed Jessica
  2791 | D:3      | Killed Jessica
  2991 | D:3      | Noticed Robin
  3021 | D:4      | Found a staircase to the Ecumenical Temple.
  3030 | Temple   | Entered the Ecumenical Temple
  3091 | Temple   | Became a worshipper of Vehumet
  3425 | D:4      | Reached skill level 8 in Conjurations
  3425 | D:4      | Reached XP level 6. HP: 29/32 MP: 7/12
  3653 | D:4      | Found a glowing golden altar of the Shining One.
  4088 | D:4      | Noticed a sky beast
  4170 | D:3      | Killed Robin
  4253 | D:3      | Found a basalt altar of Yredelemnul.
  4529 | D:3      | Noticed Sigmund
  4533 | D:3      | Killed Sigmund
  4533 | D:3      | Reached skill level 9 in Conjurations
  4641 | D:3      | Reached XP level 7. HP: 36/36 MP: 9/13
  4985 | D:3      | Learned a level 4 spell: Fulminant Prism
  5074 | D:5      | Entered Level 5 of the Dungeon
  5511 | D:4      | Found an opulent altar of Gozag.
  5840 | D:5      | Reached * piety under Vehumet
  5840 | D:5      | Offered knowledge of Shock by Vehumet.
  5917 | D:5      | Reached skill level 10 in Conjurations
  6754 | D:5      | Killed from afar by an orc priest

Skill      XL: |  1  2  3  4  5  6  7 |
---------------+----------------------+-----
Conjurations   | 5 6 7 8 9 10 | 10.6
Dodging        | |  2.4
Stealth        | |  2.4
Spellcasting   | |  3.0

Action                   |  1- 3 |  4- 6 |  7- 9 || total
-------------------------+-------+-------+-------++-------
 Cast: Magic Dart        |    59 |    88 |    57 ||   204
       Searing Ray       |     2 |    31 |     8 ||    41
       Fulminant Prism   |       |       |     4 ||     4
  Eat: Chunk             |     2 |    10 |     2 ||    14
       Ration            |       |       |     2 ||     2
Armor: Robe              |     2 |     5 |     2 ||     9
Dodge: Dodged            |     5 |     9 |     4 ||    18
